 Dungeon Crawl Stone Soup version 0.28-a0-987-g8383568036 (webtiles) character file.

Game seed: 6671759091503139501

820 Gargoyl the Skirmisher (level 7, -2/60 HPs)
             Began as a Gnoll Abyssal Knight on Dec 4, 2021.
             Was an Elder of Lugonu.
             Slain by a mummy (3 damage)
             ... on level 4 of the Dungeon.
             The game lasted 00:06:16 (5033 turns).

Gargoyl the Skirmisher (Gnoll Abyssal Knight)       Turns: 5033, Time: 00:06:16

Health: -2/60      AC: 16    Str: 14    XL:     7   Next: 95%
Magic:  11/11      EV:  5    Int:  9    God:    Lugonu [****..]
Gold:   212        SH:  8    Dex: 13    Spells: 11/11 levels left

rFire   . . .      SeeInvis .   k - +2 hand axe (drain)
rCold   . . .      Faith    .   g - +0 kite shield
rNeg    . . .      Spirit   .   l - +0 chain mail
rPois   .          Reflect  .   (no helmet)
rElec   .          Harm     .   (no cloak)
rCorr   .          Rampage  .   d - +2 pair of gloves
Will    .....                   c - +2 pair of boots
Stlth   ..........              (no amulet)
HPRegen 0.20/turn               (no ring)
MPRegen 0.12/turn               (no ring)

@: no status effects
A: fangs 1, strong nose, distributed training
a: Renounce Religion, Depart the Abyss, Bend Space, Banish, Corrupt


You were on level 4 of the Dungeon.
You worshipped Lugonu.
Lugonu was greatly pleased with you.
You visited 1 branch of the dungeon, and saw 4 of its levels.
You visited the Abyss 1 time.

You collected 212 gold pieces.

Inventory:

Hand Weapons
 a - a +1 hand axe
 k - a +2 hand axe of draining (weapon)
Armour
 c - a +2 pair of boots (worn)
 d - a +2 pair of gloves (worn)
 g - a +0 kite shield (worn)
 l - a +0 chain mail (worn)
Scrolls
 b - 2 scrolls of teleportation
 j - a scroll of identify
Potions
 e - a potion of heal wounds {unknown}
 f - a potion of magic {unknown}
 h - a potion of might {unknown}
 i - 3 potions of degeneration {unknown}
 m - a potion of cancellation {unknown}
 n - a potion of ambrosia


   Skills:
 + Level 7.2 Fighting
 + Level 2.8 Short Blades
 + Level 2.8 Long Blades
 + Level 5.4 Axes
 + Level 2.8 Maces & Flails
 + Level 2.8 Polearms
 + Level 2.8 Staves
 + Level 2.8 Slings
 + Level 2.8 Bows
 + Level 2.8 Crossbows
 + Level 2.8 Throwing
 + Level 5.4 Armour
 + Level 3.9 Dodging
 + Level 2.8 Stealth
 + Level 2.8 Shields
 + Level 2.8 Unarmed Combat
 + Level 2.8 Spellcasting
 + Level 2.3 Conjurations
 + Level 2.3 Hexes
 + Level 2.3 Summonings
 + Level 2.3 Necromancy
 + Level 2.3 Translocations
 + Level 2.3 Transmutations
 + Level 2.3 Fire Magic
 + Level 2.3 Ice Magic
 + Level 2.3 Air Magic
 + Level 2.3 Earth Magic
 + Level 2.3 Poison Magic
 + Level 5.6 Invocations
 + Level 2.8 Evocations


You had 11 spell levels left.
You didn't know any spells.
Your spell library contained the following spells:

 Spells                   Type           Power      Damage    Failure   Level
 Freeze                   Ice            20%        1d4       100%        1
 Dazzling Flash           Conj/Hex       10%        N/A       100%        3
 Frozen Ramparts          Ice            10%        1d3       100%        3
 Hailstorm                Conj/Ice       5%         3d4       100%        4
 Agony                    Necr           5%         N/A       100%        5
 Silence                  Hex/Air        2%         N/A       100%        5


Dungeon Overview and Level Annotations

Branches:
Dungeon (4/15)
 Temple: D:4-7

Altars:
Yredelemnul


Innate Abilities, Weirdness & Mutations

You have very sharp teeth.
Your uncanny sense of smell can sniff out nearby items.
Your experience applies equally to all skills.


Message History

You hit the mummy but do no damage. You barely miss the necrophage.
The necrophage hits you but does no damage.
You block the wight's attack. The mummy hits you but does no damage.
Unknown command.
You barely miss the wight. Your bite misses the wight.
The wight is severely damaged.
You barely miss the necrophage. You hit the mummy but do no damage.
The necrophage hits you but does no damage.
You block the wight's attack. The mummy hits you but does no damage.
The necrophage hits you but does no damage.
You hit the wight but do no damage.
The wight is severely damaged.
You hit the necrophage. You hit the mummy.
The wight hits you but does no damage.
The necrophage hits you but does no damage.
The wight barely misses you.
Unknown command.
You hit the wight but do no damage.
The wight is severely damaged.
You hit the mummy but do no damage. You barely miss the necrophage.
The necrophage hits you but does no damage.
The mummy hits you!
* * * LOW HITPOINT WARNING * * *
You block the wight's attack.
You barely miss the wight.
The wight is severely damaged.
You hit the necrophage. You barely miss the mummy.
You block the necrophage's attack. The wight hits you but does no damage.
The mummy hits you.
* * * LOW HITPOINT WARNING * * *
You hit the wight but do no damage. You bite the wight, but do no damage.
The wight is severely damaged.
You hit the mummy. You hit the necrophage.
The necrophage hits you but does no damage.
The wight hits you with a +3 short sword of freezing!
* * * LOW HITPOINT WARNING * * *
The wight freezes you.
* * * LOW HITPOINT WARNING * * *
The necrophage barely misses you. The mummy hits you.
You die...

#. #. #.###
#.#.#############
#.#.8 #.#.#.#.#.#
#.#.###'#'#'#Z#M#+#
#.#..'.......zMz@.#
#...###'#'#'#'#n#+#
###.8##_#.#.#.#.#
....#############
###.# ###.####
.......###########
.................##
.......#..#.####..#


You could see a necrophage, 2 mummies, 2 wights and a hound zombie.

Vanquished Creatures
  An ogre (D:4)
  2 hounds (D:4)
  A human zombie (D:4)
  2 orc priests (D:3)
  A gnoll shaman (D:4)
  Terence (D:3)
  Natasha (thrice) (D:3)
  A mummy (D:4)
  A howler monkey zombie (D:4)
  22 gnolls
  5 adders
  An ufetubus (D:4)
  An adder zombie (D:4)
  An adder skeleton (D:4)
  2 dart slugs (D:1)
  10 orcs (D:3)
  6 bats
  6 endoplasms
  4 giant cockroaches
  29 goblins
  24 hobgoblins
  4 jackals
  9 kobolds
  5 quokkas
  8 ball pythons
  5 frilled lizards
  7 rats
162 creatures vanquished.

Vanquished Creatures (others)
  2 plants (D:4)
2 creatures vanquished.

Grand Total: 164 creatures vanquished

Notes
Turn   | Place    | Note
-------+----------+-------------------------------------------
     0 | Abyss:1  | Gargoyl the Gnoll Abyssal Knight began the quest for the
                  | Orb.
     0 | Abyss:1  | Reached XP level 1. HP: 23/23 MP: 3/3
    71 | Abyss:2  | Noticed a starcursed mass
    76 | D:1      | Escaped the Abyss
   272 | D:1      | Found a faded altar of an unknown god.
   292 | D:1      | Reached * piety under Lugonu
   293 | D:1      | Reached XP level 2. HP: 23/29 MP: 5/5
   593 | D:1      | Reached XP level 3. HP: 35/35 MP: 6/6
  1203 | D:2      | Reached ** piety under Lugonu
  1224 | D:2      | Reached skill level 1 in Short Blades
  1224 | D:2      | Reached skill level 1 in Long Blades
  1224 | D:2      | Reached skill level 1 in Maces & Flails
  1224 | D:2      | Reached skill level 1 in Polearms
  1224 | D:2      | Reached skill level 1 in Staves
  1224 | D:2      | Reached skill level 1 in Slings
  1224 | D:2      | Reached skill level 1 in Bows
  1224 | D:2      | Reached skill level 1 in Crossbows
  1224 | D:2      | Reached skill level 1 in Throwing
  1224 | D:2      | Reached skill level 1 in Stealth
  1224 | D:2      | Reached skill level 1 in Shields
  1224 | D:2      | Reached skill level 1 in Unarmed Combat
  1224 | D:2      | Reached skill level 1 in Spellcasting
  1224 | D:2      | Reached skill level 1 in Evocations
  1328 | D:2      | Reached XP level 4. HP: 41/41 MP: 7/7
  1961 | D:3      | Noticed Natasha
  1970 | D:3      | Killed Natasha
  1971 | D:3      | Reached skill level 1 in Conjurations
  1971 | D:3      | Reached skill level 1 in Hexes
  1971 | D:3      | Reached skill level 1 in Summonings
  1971 | D:3      | Reached skill level 1 in Necromancy
  1971 | D:3      | Reached skill level 1 in Translocations
  1971 | D:3      | Reached skill level 1 in Transmutations
  1971 | D:3      | Reached skill level 1 in Fire Magic
  1971 | D:3      | Reached skill level 1 in Ice Magic
  1971 | D:3      | Reached skill level 1 in Air Magic
  1971 | D:3      | Reached skill level 1 in Earth Magic
  1971 | D:3      | Reached skill level 1 in Poison Magic
  2112 | D:3      | Noticed Terence
  2121 | D:3      | Reached XP level 5. HP: 37/47 MP: 8/8
  2125 | D:3      | Killed Terence
  2151 | D:3      | Noticed Natasha
  2161 | D:3      | Killed Natasha
  2162 | D:3      | Reached skill level 5 in Invocations
  2162 | D:3      | Reached XP level 6. HP: 22/53 MP: 9/9
  2535 | D:3      | Noticed Natasha
  2541 | D:3      | Killed Natasha
  2576 | D:3      | Reached skill level 5 in Axes
  2576 | D:3      | Reached skill level 5 in Armour
  2635 | D:3      | Reached *** piety under Lugonu
  3352 | D:3      | Reached XP level 7. HP: 57/59 MP: 10/10
  3354 | D:3      | Reached **** piety under Lugonu
  4007 | D:4      | Reached skill level 7 in Fighting
  4923 | D:4      | Found a basalt altar of Yredelemnul.
  5033 | D:4      | HP: 1/60 [wight (3)]
  5033 | D:4      | Slain by a mummy

Illustrated notes

Levels and vault maps discovered:
D:1:      mainiacjoe_arrival_reflecting_pool, layout_loops_ring,
          hellmonk_ecumenical_altar_arch_garden
D:2:      layout_basic, minmay_misc_feat_nine_boxes, minmay_pentomino_w4
D:3:      minmay_goblin_kobold_castle, layout_basic, uniq_terence, uniq_natasha
D:4:      nicolae_cairo_tiling, layout_basic,
          lemuel_mausoleum_altar_yredelemnul, guppyfry_early_lair_pool

Skill      XL: |  1  2  3  4  5  6  7 |
---------------+----------------------+-----
Short Blades   | 1 2 |  2.8
Long Blades    | 1 2 |  2.8
Maces & Flails | 1 2 |  2.8
Polearms       | 1 2 |  2.8
Staves         | 1 2 |  2.8
Slings         | 1 2 |  2.8
Bows           | 1 2 |  2.8
Crossbows      | 1 2 |  2.8
Throwing       | 1 2 |  2.8
Stealth        | 1 2 |  2.8
Shields        | 1 2 |  2.8
Unarmed Combat | 1 2 |  2.8
Spellcasting   | 1 2 |  2.8
Evocations     | 1 2 |  2.8
Conjurations   | 1 2 |  2.3
Hexes          | 1 2 |  2.3
Summonings     | 1 2 |  2.3
Necromancy     | 1 2 |  2.3
Translocations | 1 2 |  2.3
Transmutations | 1 2 |  2.3
Fire Magic     | 1 2 |  2.3
Ice Magic      | 1 2 |  2.3
Air Magic      | 1 2 |  2.3
Earth Magic    | 1 2 |  2.3
Poison Magic   | 1 2 |  2.3
Dodging        | 3 |  3.9
Invocations    | 5 |  5.6
Axes           | 5 |  5.4
Armour         | 5 |  5.4
Fighting       | 7 |  7.2

Action                   |  1- 3 |  4- 6 |  7- 9 || total
-------------------------+-------+-------+-------++-------
Melee: Hand axe          |   121 |   168 |   162 ||   451
       Bite              |     5 |    15 |    23 ||    43
       Punch             |     1 |     1 |       ||     2
Invok: Depart the Abyss  |     1 |       |       ||     1
  Use: Scroll            |     3 |     2 |     1 ||     6
       Potion            |       |     1 |       ||     1
 Stab: Sleeping          |     1 |       |       ||     1
Armor: Leather armour    |    59 |    13 |       ||    72
       Scale mail        |       |    25 |       ||    25
       Chain mail        |       |   112 |   134 ||   246
Dodge: Dodged            |   104 |    97 |    40 ||   241
Block: Kite shield       |       |       |    77 ||    77

Table legend: (Time is in decaauts)
 A = Elapsed time spent in this place.
 B = Non-inter-level travel time spent in this place.
 C = Inter-level travel time spent in this place.
 D = Time resting spent in this place.
 E = Time spent auto-exploring this place.
 F = Levels seen in this place.
 G = Mean time per level.
                   A        B        C        D        E       F      G
               +--------+--------+--------+--------+--------+-----+--------+
         Total |   5106 |   5041 |     65 |    720 |   3136 |   6 |  851.0 |
       Dungeon |   5030 |   4965 |     65 |    720 |   3081 |   4 | 1257.5 |
         Abyss |     75 |     75 |      0 |      0 |     55 |   2 |   37.5 |
               +--------+--------+--------+--------+--------+-----+--------+

Top non-repeatable levels by time:
     D:3: 2362 daAuts
     D:4: 1071 daAuts
     D:1: 1014 daAuts
     D:2: 581 daAuts
 Abyss:2: 41 daAuts
 Abyss:1: 34 daAuts
